 Dungeon Crawl Stone Soup version 0.25-a0-290-g4a1327e (webtiles) character file.

Game seed: 1362318833271191820, levelgen mode: deterministic

275 MrTaco21 the Skirmisher (level 6, -1/41 HPs)
             Began as a Gargoyle Fighter on Dec 14, 2019.
             Splashed by Ijyb's acid (9 damage)
             ... on level 4 of the Dungeon.
             The game lasted 00:09:45 (2930 turns).

MrTaco21 the Skirmisher (Gargoyle Fighter)          Turns: 2930, Time: 00:09:45

Health: -1/41      AC: 15    Str: 21    XL:     6   Next: 24%
Magic:  6/6        EV:  3    Int:  9    God:
Gold:   161        SH: 12    Dex: 16    Spells: 5/5 levels left

rFire    . . .     SeeInvis .   q - +2 mace (holy)
rCold    . . .     Gourm    .   c - +0 shield
rNeg     + . .     Faith    .   g - +0 plate armour
rPois    ∞         Spirit   .   (no helmet)
rElec    +         Reflect  +   (no cloak)
rCorr    .         Harm     .   (no gloves)
MR       .....                  (no boots)
Stlth    ..........             s - amulet of Xiuwafoq {Reflect *Slow rPois Dex+7 SH+2 Stlth+}
HPRegen  0.13/turn              (no ring)
MPRegen  0.10/turn              (no ring)

@: no status effects
A: negative energy resistance 1, electricity resistance, unbreathing,
petrification resistance, rot immunity, AC +4
a: no special abilities


You were on level 4 of the Dungeon.
You were hungry.

You visited 1 branch of the dungeon, and saw 4 of its levels.

You collected 161 gold pieces.

Inventory:

Hand Weapons
 a - a +0 flail
 q - a +2 mace of holy wrath (weapon)
   (You took it off an orc on level 3 of the Dungeon)
Armour
 c - a +0 shield (worn)
 g - a +0 plate armour (worn)
   (You found it on level 2 of the Dungeon)
Jewellery
 b - a cursed -4 ring of protection {unknown}
   (You found it on level 4 of the Dungeon)
 s - the amulet of Xiuwafoq (around neck) {Reflect *Slow rPois Dex+7 SH+2 Stlth+}
   (You found it on level 4 of the Dungeon)

   [amulet of reflection]

   It shields you and reflects attacks.
   It affects your dexterity (+7).
   It protects you from poison.
   It may slow you when you take damage.
   It affects your SH (+2).
   It makes you more stealthy.
Wands
 n - a wand of polymorph (9)
   (You found it on level 2 of the Dungeon)
 t - a wand of flame (12)
   (You found it on level 3 of the Dungeon)
Scrolls
 h - 4 scrolls of identify {@r1}
 i - 2 scrolls of magic mapping
 j - 3 scrolls of remove curse {@r2}
 k - a scroll of teleportation {unknown}
 m - 3 scrolls of noise {!r}
 o - 2 scrolls of enchant weapon {unknown}
 p - 2 scrolls of immolation {!r}
Potions
 d - 2 potions of might
 f - 3 potions of curing {unknown}
 l - a potion of mutation {unknown}
 r - a potion of degeneration {unknown}
Comestibles
 e - 9 rations {!d}


   Skills:
 + Level 5.7 Fighting
 + Level 4.7 Maces & Flails
 - Level 3.2 Armour
 - Level 3.2 Shields


You had 5 spell levels left.
You didn't know any spells.
Your spell library was empty.

Dungeon Overview and Level Annotations

Branches:
Dungeon (4/15)
 Temple: D:4-7

Altars:
Ashenzari
Fedhas
Kikubaaqudgha
Qazlal
Sif Muna
Wu Jian
Xom
Zin
The Shining One

Annotations:
D:4 Ijyb


Innate Abilities, Weirdness & Mutations

You are resistant to torment.
Your stone body is resilient. (AC +4)
You are immune to poison.
You resist negative energy. (rN+)
You are resistant to electric shocks. (rElec)
You can survive without breathing.
You are immune to petrification.
You are immune to rotting.


Message History

Found 7 gold pieces.
No target in view!
You now have 149 gold pieces (gained 7).
Found 2 javelins.
You are feeling hungry.
A frilled lizard comes into view.
The frilled lizard hisses angrily.
You block the frilled lizard's attack.
You hit the frilled lizard.
You kill the frilled lizard!
Found 12 gold pieces.
You now have 161 gold pieces (gained 12).
Found a scroll of identify.
Found a glowing iron ring.
h - 4 scrolls of identify {@r1} (gained 1)
b - a glowing iron ring
Found a stone staircase leading down.
There is a stone staircase leading down here.
Ijyb the Twisted Goblin comes into view.
She is wielding a +0 club and carrying a wand of acid (9).
Ijyb shouts!
Ijyb zaps a wand.
The bolt of acid hits you! The acid corrodes you!
You are splashed with acid!
* * * LOW HITPOINT WARNING * * *
Found 9 gold pieces.
Ijyb screams, "Get away!"
There is a stone staircase leading down here.
You are no longer corroded.
A worker ant comes into view.
The worker ant twitches its antennae in your direction.
The worker ant bites you. You block the worker ant's attack.
You hit the worker ant.
The worker ant bites you but does no damage.
You hit the worker ant.
The worker ant bites you but does no damage. x2
You hit the worker ant.
The worker ant bites you but does no damage.
You closely miss the worker ant.
The worker ant bites you but does no damage.
You block the worker ant's attack.
You sock the worker ant!
You kill the worker ant!
Ijyb zaps a wand.
The bolt of acid hits you.
You are splashed with acid!
* * * LOW HITPOINT WARNING * * *
You sock Ijyb!
Ijyb zaps a wand.
The bolt of acid hits you.
* * * LOW HITPOINT WARNING * * *
You are splashed with acid!
You die...

########## #####
#........# #...#####
#.######.# #.#.g...# #.#
#.# #...###.# #.# #.#
##.## #.# ###.#
#.#########...# #.#
##...# #.##..@g......#
#.#
.#.########(...######...#
#g# .........#######
##### #.#### (#.#####.#
#....# .#.# *.# ####.#
.#.###*#.#*##******** #.#
.....##.#,...,,,,,,,* #.#
.......###.#*******,* #.#
.#...)#.#.#* *,* #.#


You could see Ijyb.

Vanquished Creatures
  A scorpion (D:4)
  An orc wizard (D:3)
  An orc priest (D:3)
  2 worker ants
  4 adders
  4 worms (D:2)
  2 dart slugs (D:3)
  3 leopard geckos
  4 orcs (D:3)
  6 bats
  5 giant cockroaches
  8 goblins
  5 hobgoblins
  7 jackals
  2 quokkas
  A ball python (D:2)
  2 frilled lizards
  5 kobolds
  6 rats
69 creatures vanquished.

Notes
Turn   | Place    | Note
-------+----------+-------------------------------------------
     0 | D:1      | MrTaco21 the Gargoyle Fighter began the quest for the Orb.
     0 | D:1      | Reached XP level 1. HP: 14/14 MP: 1/1
    61 | D:1      | Reached XP level 2. HP: 10/19 MP: 2/2
   434 | D:1      | Reached XP level 3. HP: 22/24 MP: 3/3
   478 | D:1      | Reached skill level 4 in Fighting
  1041 | D:2      | Found a shimmering blue altar of Sif Muna.
  1045 | D:2      | Reached XP level 4. HP: 29/30 MP: 4/4
  1064 | D:2      | Found a glowing golden altar of the Shining One.
  1190 | D:2      | Found a shimmering altar of Xom.
  1190 | D:2      | Noticed an angel
  1194 | D:2      | Found a glowing silver altar of Zin.
  1684 | D:3      | Found a blossoming altar of Fedhas.
  1750 | D:3      | Found an ancient bone altar of Kikubaaqudgha.
  1959 | D:3      | Reached XP level 5. HP: 21/34 MP: 5/5
  2121 | D:3      | Found a faded altar of an unknown god.
  2199 | D:3      | Found a stormy altar of Qazlal.
  2277 | D:4      | Reached skill level 5 in Fighting
  2496 | D:4      | Reached XP level 6. HP: 40/41 MP: 6/6
  2501 | D:4      | Got a glittering pewter amulet
  2552 | D:4      | Identified the amulet of Xiuwafoq {Reflect *Slow rPois
                  | Dex+7 SH+2 Stlth+} (You found it on level 4 of the Dungeon)
  2608 | D:4      | Found an ornate altar of the Wu Jian Council.
  2608 | D:4      | Found a shattered altar of Ashenzari.
  2851 | D:4      | Noticed Ijyb
  2930 | D:4      | Splashed by Ijyb's acid

Levels and vault maps discovered:
D:1:      lightli_arrival_isolated_outpost, layout_basic
D:2:      layout_basic, grunt_temple_overflow_order_and_chaos_1,
          grunt_temple_overflow_open
D:3:      layout_rooms, kiku_gazebo_garden_becter, fedhas_altar_fruit_tree,
          marbit_many_paths, chequers_ecumenical_altar_twisty, first_ration
D:4:      layout_loops_ring, gammafunk_temple_overflow_elements, uniq_ijyb

Skill      XL: |  1  2  3  4  5 |
---------------+----------------+-----
Fighting       | 4 5 |  5.7
Maces & Flails | 3 4 |  4.7
Armour         | |  3.2
Shields        | |  3.2

Action                   |  1- 3 |  4- 6 || total
-------------------------+-------+-------++-------
Melee: Flail             |   139 |   128 ||   267
       Mace              |       |    16 ||    16
  Use: Scroll            |       |     5 ||     5
  Eat: Chunk             |     1 |     5 ||     6
Armor: Scale mail        |   127 |     6 ||   133
       Plate armour      |       |    76 ||    76
Dodge: Dodged            |    67 |    25 ||    92
Block: Shield            |   107 |    61 ||   168

Table legend:
 A = Non-vault XP
 B = Vault XP
 C = Vault XP percentage of total XP
 D = Non-vault monster count
 E = Vault monster count
 F = Vault count percentage of total count
                 A         B        C        D         E       F
            +---------+---------+-------+---------+---------+-------
      Total |     391 |       2 |   0.5 |      68 |       1 |   1.4
            +---------+---------+-------+---------+---------+-------
        D:1 |      38 |       0 |   0.0 |      22 |       0 |   0.0
        D:2 |      62 |       0 |   0.0 |      21 |       0 |   0.0
        D:3 |     175 |       2 |   1.1 |      20 |       1 |   4.8
        D:4 |     116 |       0 |   0.0 |       5 |       0 |   0.0
            +---------+---------+-------+---------+---------+-------
